 Dungeon Crawl Stone Soup version 0.25.1-2-g60ff931df9 (webtiles) character file.

Game seed: 4206863171891631311

147 raphaelitos the Conjurer (level 5, -7/28 HPs)
             Began as a Deep Elf Conjurer on Nov 16, 2020.
             Was a Follower of Dithmenos.
             Killed by divine providence
             ... invoked by an orc priest
              (10 damage)
             ... on level 4 of the Dungeon.
             The game lasted 00:07:11 (3688 turns).

raphaelitos the Conjurer (Deep Elf Conjurer)        Turns: 3688, Time: 00:07:11

Health: -7/28      AC:  8    Str:  5    XL:     5   Next: 7%
Magic:  13/13      EV: 13    Int: 21    God:    Dithmenos [*.....]
Gold:   140        SH:  0    Dex: 15    Spells: 10/13 levels left

rFire    . . .     SeeInvis .   p - +3 quarterstaff (chaos)
rCold    . . .     Gourm    .   (shield currently unavailable)
rNeg     . . .     Faith    .   a - +1 robe
rPois    .         Spirit   .   g - +0 helmet
rElec    .         Reflect  .   (no cloak)
rCorr    .         Harm     .   (no gloves)
MR       .....                  (no boots)
Stlth    +++.......             (no amulet)
HPRegen  0.09/turn              i - +4 ring of protection
MPRegen  0.13/turn              (no ring)

@: wreathed by umbra
A: no striking features
a: Renounce Religion


You were on level 4 of the Dungeon.
You worshipped Dithmenos.
Dithmenos was aware of your devotion.
You were hungry.

You visited 1 branch of the dungeon, and saw 4 of its levels.

You collected 140 gold pieces.

Inventory:

Hand Weapons
 f - a +0 dagger
 p - a +3 quarterstaff of chaos (weapon)
Missiles
 m - 36 arrows
 r - 26 bolts
Armour
 a - a +1 robe (worn)
 g - a +0 helmet (worn)
Jewellery
 i - a +4 ring of protection (left hand)
Scrolls
 j - a scroll of amnesia
 o - a scroll of fear
 s - a scroll of remove curse
Potions
 b - a potion of stabbing {unknown}
 d - a potion of might {unknown}
 e - a potion of flight {unknown}
 h - a potion of berserk rage {unknown}
 k - a potion of curing {unknown}
 n - a potion of haste {unknown}
 q - a potion of resistance {unknown}
Comestibles
 c - 9 rations


   Skills:
 + Level 0.3 Fighting
 + Level 2.5 Dodging
 + Level 3.1 Stealth
 + Level 4.6 Spellcasting
 + Level 6.0 Conjurations


You had 10 spell levels left.
You knew the following spells:

 Your Spells              Type           Power        Failure   Level  Hunger
a - Magic Dart            Conj           ####         1%          1    None
b - Searing Ray           Conj           ####..       1%          2    #......

Your spell library contained the following spells:

 Spells                   Type           Power        Failure   Level  Hunger
 Dazzling Flash           Conj/Hex       ###...       10%         3    ##.....
 Fulminant Prism          Conj/Hex       ###.......   32%         4    ####...
 Iskenderun's Mystic Bla  Conj/Tloc      ###.....     32%         4    ####...


Dungeon Overview and Level Annotations

Branches:
Dungeon (4/15)
 Temple: D:4-7

Altars:
Dithmenos
Elyvilon


Message History

An orc is nearby!
An orc is nearby!
An orc is nearby!
An orc comes into view. It is wielding a +0 dagger.
An orc priest comes into view.
The orc shouts!
The orc hits you but does no damage.
You hear a shout!
The orc priest shouts!
The orc shouts!
You sock the orc!
You kill the orc!
Dithmenos accepts your kill.
An ogre comes into view. It is wielding a +0 giant club.
You see here an orc corpse.
The ogre hits you with a +0 giant club!!
Ouch! That really hurt!
* * * LOW HITPOINT WARNING * * *
You see here an orc corpse.
The orc priest invokes the aid of Beogh against you.
Beogh smites you!
You die...

#########
#.......#
#.#..<#.#
#.###.#.# # #.#
#.#.#
#####.####.###.#.#
........oo.O.@>#.#
.....###.#######.#
.## #.# .# #.# #..
#.# #.. #.#


You could see an ogre, an orc priest and an orc.

Vanquished Creatures
  Crazy Yiuf (D:2)
  5 adders
  A worm (D:2)
  3 dart slugs
  2 orcs
  9 bats
  2 giant cockroaches
  5 goblins
  7 hobgoblins
  6 jackals (D:2)
  A quokka (D:3)
  2 ball pythons
  4 frilled lizards (D:1)
  7 kobolds
  5 rats
60 creatures vanquished.

Notes
Turn   | Place    | Note
-------+----------+-------------------------------------------
     0 | D:1      | raphaelitos the Deep Elf Conjurer began the quest for the
                  | Orb.
     0 | D:1      | Reached XP level 1. HP: 10/10 MP: 6/6
   315 | D:1      | Reached XP level 2. HP: 15/15 MP: 5/8
   347 | D:1      | Learned a level 2 spell: Searing Ray
   540 | D:1      | Reached skill level 5 in Conjurations
  1145 | D:2      | Reached XP level 3. HP: 19/19 MP: 5/9
  1312 | D:2      | Found a shadowy altar of Dithmenos.
  1331 | D:2      | Found a white marble altar of Elyvilon.
  1356 | D:2      | Became a worshipper of Dithmenos the Shadowed
  1748 | D:2      | Reached XP level 4. HP: 24/24 MP: 9/11
  2220 | D:2      | Found a runed translucent door.
  2221 | D:2      | Noticed Crazy Yiuf
  2422 | D:2      | Killed Crazy Yiuf
  2915 | D:3      | Reached * piety under Dithmenos
  3375 | D:3      | Reached XP level 5. HP: 28/28 MP: 10/13
  3432 | D:3      | Reached skill level 6 in Conjurations
  3680 | D:4      | Noticed an ogre
  3688 | D:4      | Killed from afar by an orc priest

Illustrated notes

Levels and vault maps discovered:
D:1:      mushboom_english_gardens, layout_basic
D:2:      layout_basic, nicolae_overflow_crystal_walls, lemuel_crystal_altar,
          first_ration, uniq_crazy_yiuf_cottage
D:3:      minmay_chambers_of_twos, layout_loops_corners, minmay_door_square
D:4:      layout_basic, minitemple, serial_shops, shop,
          minmay_misc_feat_hallway, uniq_duvessa

Skill      XL: |  1  2  3  4  5 |
---------------+----------------+-----
Conjurations   | 5 6 |  6.0
Stealth        | 3 |  3.1
Spellcasting   | 4 |  4.6
Fighting       | |  0.3
Dodging        | |  2.5

Action                   |  1- 3 |  4- 6 || total
-------------------------+-------+-------++-------
Melee: Dagger            |     7 |     3 ||    10
       Quarterstaff      |       |    10 ||    10
 Cast: Magic Dart        |    31 |    23 ||    54
       Searing Ray       |    10 |    10 ||    20
  Use: Scroll            |     2 |     5 ||     7
 Stab: Sleeping          |     1 |       ||     1
  Eat: Chunk             |     3 |     5 ||     8
Armor: Robe              |     6 |    13 ||    19
Dodge: Dodged            |     8 |    13 ||    21
